 Dungeon Crawl Stone Soup version 0.26-a0-651-gb41185065b (webtiles) character file.

Game seed: 7567853501977825076

61 Azzok the Ruffian (level 3, -3/29 HPs)
             Began as a Demonspawn Fighter on Oct 11, 2020.
             Slain by Natasha (7 damage)
             ... on level 2 of the Dungeon.
             The game lasted 00:01:36 (1245 turns).

Azzok the Ruffian (Demonspawn Fighter)              Turns: 1245, Time: 00:01:37

Health: -3/29      AC: 13    Str: 17    XL:     3   Next: 83%
Magic:  3/3        EV:  4    Int:  9    God:
Gold:   45         SH:  8    Dex: 12    Spells: 2/2 levels left

rFire    . . .     SeeInvis .     - Unarmed
rCold    . . .     Faith    .   b - +0 kite shield
rNeg     . . .     Spirit   .   m - +0 chain mail
rPois    .         Reflect  .   i - +0 helmet
rElec    .         Harm     .   (no cloak)
rCorr    .         Rampage  .   (no gloves)
MR       .....                  (no boots)
Stlth    ..........             (no amulet)
HPRegen  0.09/turn              (no ring)
MPRegen  0.08/turn              (no ring)

@: slowed, very slow
A: yellow scales 2
a: no special abilities


You were on level 2 of the Dungeon.
You visited 1 branch of the dungeon, and saw 2 of its levels.

You collected 45 gold pieces.

Inventory:

Armour
 b - a +0 kite shield (worn)
 i - a +0 helmet (worn)
 m - a +0 chain mail (worn)
Scrolls
 e - 4 scrolls of identify {unknown}
 f - 2 scrolls of fear {unknown}
 g - a scroll of remove curse {unknown}
 h - a scroll of teleportation {unknown}
 j - a scroll of amnesia {unknown}
Potions
 c - a potion of might
 d - 3 potions of lignification {unknown}
 k - a potion of flight {unknown}
 l - a potion of curing {unknown}


   Skills:
 - Level 3.0 Fighting
 - Level 2.6 Armour
 - Level 2.6 Shields
 + Level 3.8 Unarmed Combat


You had 2 spell levels left.
You didn't know any spells.
Your spell library was empty.

Dungeon Overview and Level Annotations

Branches:
Dungeon (2/15)

Altars:

Annotations:
D:2 Natasha


Innate Abilities, Weirdness & Mutations

You are mostly covered in yellow scales. (AC +3)


Message History

Natasha claws you.
* * * LOW HITPOINT WARNING * * *
Natasha claws you but does no damage.
You hit Natasha but do no damage.
Natasha is severely wounded.
Natasha claws you but does no damage.
You hit Natasha.
Natasha is almost dead.
Natasha claws you but does no damage.
Natasha casts a spell.
You closely miss Natasha.
Natasha is almost dead.
Natasha mumbles some strange words.
The crimson imp hits you but does no damage.
You barely miss Natasha.
Natasha is almost dead.
Natasha mumbles some strange words.
Natasha shimmers violently.
Natasha claws you!
You die...

▒·· ▒·· ▒·· ▒▒· ▒·· ▒▒▒··
·▒▒▒▒▒▒▒▒▒▒▒▒▒ ▒···<
········†···5▒▒ ▒▒▒·▒··
·▒······▒▒▒▒@·▒ ▒▒▒▒···▒▒·
▒·$····▒▒▒▒▒h▒▒▒▒▒▒······▒▒▒
▒························▒▒▒
▒······▒▒▒▒▒▒▒▒···········▒▒
▒······▒ ▒▒▒▒▒▒········
▒···r··▒ ▒······▒▒ ▒▒·▒·▒▒▒
▒▒▒·▒▒··▒ ▒·▒▒▒·· ··▒·▒▒▒··


You could see Natasha and a crimson imp (summoned).

Vanquished Creatures
  Natasha (D:2)
  An adder (D:2)
  A dart slug (D:1)
  3 leopard geckos
  A giant cockroach (D:1)
  2 goblins
  A hobgoblin (D:1)
  2 jackals (D:1)
  5 bats
  2 frilled lizards
  A kobold (D:2)
  5 rats
25 creatures vanquished.

Notes
Turn   | Place    | Note
-------+----------+-------------------------------------------
     0 | D:1      | Azzok the Demonspawn Fighter began the quest for the Orb.
     0 | D:1      | Reached XP level 1. HP: 18/18 MP: 1/1
   303 | D:1      | Gained mutation: You are partially covered in yellow
                  | scales. (AC +2) [demonic ancestry]
   303 | D:1      | Reached XP level 2. HP: 17/24 MP: 2/2
  1125 | D:2      | Noticed Natasha
  1136 | D:2      | Gained mutation: You are mostly covered in yellow scales.
                  | (AC +3) [demonic ancestry]
  1136 | D:2      | Reached XP level 3. HP: 29/29 MP: 3/3
  1148 | D:2      | Killed Natasha
  1230 | D:2      | Noticed Natasha
  1245 | D:2      | Slain by Natasha

Illustrated notes

Levels and vault maps discovered:
D:1:      minmay_arrival_checkered_box, layout_basic, minmay_split_cup_small
D:2:      minmay_inner_zag, layout_rooms, uniq_natasha

Skill      XL: |  1  2 |
---------------+-------+-----
Unarmed Combat | 2 3 |  3.8
Fighting       | |  3.0
Armour         | |  2.6
Shields        | |  2.6

Action                   || total
-------------------------++-------
Melee: Unarmed           ||   148
Armor: Scale mail        ||    51
       Chain mail        ||    29
Dodge: Dodged            ||    32
Block: Kite shield       ||    62

Table legend: (Time is in decaauts)
 A = Elapsed time spent in this place.
 B = Non-inter-level travel time spent in this place.
 C = Inter-level travel time spent in this place.
 D = Time resting spent in this place.
 E = Time spent auto-exploring this place.
 F = Levels seen in this place.
 G = Mean time per level.
                   A        B        C        D        E       F      G
               +--------+--------+--------+--------+--------+-----+--------+
         Total |   1254 |   1176 |     78 |    114 |    784 |   2 |  627.0 |
       Dungeon |   1254 |   1176 |     78 |    114 |    784 |   2 |  627.0 |
               +--------+--------+--------+--------+--------+-----+--------+

Top non-repeatable levels by time:
     D:1: 964 daAuts
     D:2: 289 daAuts
